 Dungeon Crawl Stone Soup version 0.29-a0-887-gcbe080d7e0 (webtiles) character file.

Game seed: 696576922112278023

190 greasedhog the Cudgeller (level 5, -2/32 HPs)
             Began as a Gargoyle Monk on July 22, 2022.
             Slain by Sigmund
             ... wielding a +0 scythe
              (3 damage)
             ... on level 3 of the Dungeon.
             The game lasted 00:05:09 (2162 turns).

greasedhog the Cudgeller (Gargoyle Monk)            Turns: 2162, Time: 00:05:09

Health: -2/32      AC:  7    Str: 16    XL:     5   Next: 69%
Magic:  5/5        EV: 12    Int: 11    God:
Gold:   158        SH:  0    Dex: 12    Spells: 4/4 levels left

rFire   . . .      SeeInvis .   a - +1 mace (venom)
rCold   . . .      Faith    .   (no shield)
rNeg    + + .      Spirit   .   g - +0 leather armour
rPois   ∞          Reflect  .   (no helmet)
rElec   +          Harm     .   (no cloak)
rCorr   .          Rampage  .   (no gloves)
Will    .....                   (no boots)
Stlth   ++........              (no amulet)
HPRegen 0.10/turn               f - ring of positive energy
MPRegen 0.09/turn               (no ring)

@: mighty
A: sickness immunity, AC +4, negative energy resistance 1, electricity
resistance, torment resistance 1, petrification resistance
a: no special abilities


You were on level 3 of the Dungeon.
You visited 1 branch of the dungeon, and saw 3 of its levels.

You collected 158 gold pieces.

Inventory:

Hand Weapons
 a - a +1 mace of venom (weapon)
 b - a +0 arbalest
Armour
 g - a +0 leather armour (worn)
Jewellery
 f - a ring of positive energy (left hand)
Wands
 c - a wand of flame (22)
Scrolls
 k - a scroll of immolation
 l - 2 scrolls of teleportation
Potions
 e - a potion of magic
 m - a potion of invisibility {unknown}


   Skills:
 - Level 3.2 Fighting
 * Level 4.8 Maces & Flails
 * Level 4.0 Dodging
 - Level 2.1 Stealth


You had 4 spell levels left.
You didn't know any spells.
Your spell library contained the following spells:

 Spells                   Type           Power      Damage    Failure   Level
 Ignite Poison            Fire/Tmut/Pois 0%         N/A       78%         3
 Mephitic Cloud           Conj/Pois/Air  0%         N/A       78%         3
 Freezing Cloud           Conj/Ice/Air   0%         6-21      100%        5


Dungeon Overview and Level Annotations

Branches:
Dungeon (3/15)

Altars:

Annotations:
D:3 Ijyb, Sigmund


Innate Abilities, Weirdness & Mutations

You are immune to sickness and miasma.
Your stone body is resilient. (AC +4)
You are immune to poison.
You resist negative energy. (rN+)
You are resistant to electric shocks. (rElec)
You are resistant to unholy torment.
You are immune to petrification.


Message History

You closely miss Sigmund.
Sigmund is moderately wounded.
Sigmund closely misses you.
It was a potion of might.
You feel very mighty all of a sudden. Sigmund barely misses you.
You closely miss Sigmund.
Sigmund is moderately wounded.
Sigmund hits you but does no damage.
You closely miss the orc priest. The orc priest completely misses you.
You thump the orc priest!
The orc priest is severely wounded.
Sigmund casts a spell.
Sigmund flickers and vanishes!
Deactivating autopickup; reactivate with Ctrl-A.
The orc priest barely misses you.
You hear some strange, mumbled words.
Something tries to affect you, but you resist.
You barely miss the orc priest.
The orc priest is severely wounded.
The orc priest hits you but does no damage.
Something hits you!
* * * LOW HITPOINT WARNING * * *
Unknown command.
You sock the orc priest!
You kill the orc priest!
Your Dodging skill increases to level 4!
You are confused.
You feel invigorated. Something hits you.
You bump into the stone wall.
Something hits you.
* * * LOW HITPOINT WARNING * * *
You bump into the stone wall.
You closely miss something. Something hits you!
* * * LOW HITPOINT WARNING * * *
You bump into the stone wall.
You feel less invigorated.
You feel less confused. Something hits you!
* * * LOW HITPOINT WARNING * * *
You sock something! Something hits you.
You die...

.######.....##.......##
######...##.#...<.....#
...##.................#
##......#######.......#
##....###.⌠.###......#
##...##.....##......# #
#...#.......#.....## #
#.#.#.#...#o#..^#######
####.#.#..
...@#@.##.....##
.....#.#...
...#{)#.......#
####.#.#....
..#..#.......#
#.#.#.#...#.#..'...∩...#
#.#.#.......#..#.......#
...............#.......#
... .....#######.....##
.... ... ####### ..... .


There were no monsters in sight!

Vanquished Creatures
  A phantom (D:3)
  An orc priest (D:3)
  4 adders
  2 dart slugs (D:1)
  An orc (D:3)
  6 ball pythons
  4 bats
  3 giant cockroaches (D:1)
  5 goblins
  8 hobgoblins
  2 quokkas
  3 frilled lizards
  3 kobolds
  8 rats
51 creatures vanquished.

Notes
Turn   | Place    | Note
-------+----------+-------------------------------------------
     0 | D:1      | greasedhog the Gargoyle Monk began the quest for the Orb.
     0 | D:1      | Reached XP level 1. HP: 14/14 MP: 1/1
   319 | D:1      | Reached XP level 2. HP: 19/19 MP: 2/2
   703 | D:1      | Found a faded altar of an unknown god.
   801 | D:1      | Reached XP level 3. HP: 23/23 MP: 3/3
  1147 | D:2      | Reached XP level 4. HP: 28/28 MP: 4/4
  1655 | D:3      | Noticed Ijyb
  1655 | D:3      | Noticed Sigmund
  1749 | D:3      | Noticed a phantom
  1763 | D:3      | Killed a phantom
  1764 | D:3      | Reached XP level 5. HP: 26/32 MP: 5/5
  2161 | D:3      | HP: 1/32 [something (9)]
  2162 | D:3      | Slain by Sigmund

Illustrated notes

Levels and vault maps discovered:
D:1:      psy_arrival_basics, layout_rooms, shapermc_ecumenical_altar_ellora,
          hangedman_feature_mirror
D:2:      layout_loops_cross
D:3:      cheibrodos_pilgrimage, layout_rooms, serial_corexii_hall,
          chequers_hall_statues_y, chequers_hall_statues_corner_a,
          kennysheep_flooded_box, uniq_ijyb, uniq_sigmund

Skill      XL: |  1  2  3  4  5 |
---------------+----------------+-----
Dodging        | 3 4 |  4.0
Maces & Flails | 4 |  4.8
Fighting       | |  3.2
Stealth        | |  2.1

Action                   |  1- 3 |  4- 6 || total
-------------------------+-------+-------++-------
Melee: Mace              |    66 |    30 ||    96
       Dagger            |    12 |     7 ||    19
 Fire: Sling             |     1 |       ||     1
       Arbalest          |    28 |    34 ||    62
  Use: Scroll            |     3 |     6 ||     9
       Potion            |       |     2 ||     2
 Stab: Sleeping          |     4 |       ||     4
Armor: Robe              |    35 |       ||    35
       Leather armour    |       |    23 ||    23
Dodge: Dodged            |    65 |    25 ||    90

Table legend: (Time is in decaauts)
 A = Elapsed time spent in this place.
 B = Non-inter-level travel time spent in this place.
 C = Inter-level travel time spent in this place.
 D = Time resting spent in this place.
 E = Time spent auto-exploring this place.
 F = Levels seen in this place.
 G = Mean time per level.
                   A        B        C        D        E       F      G
               +--------+--------+--------+--------+--------+-----+--------+
         Total |   2228 |   2164 |     64 |    100 |   1524 |   3 |  742.7 |
       Dungeon |   2228 |   2164 |     64 |    100 |   1524 |   3 |  742.7 |
               +--------+--------+--------+--------+--------+-----+--------+

Top non-repeatable levels by time:
     D:1: 998 daAuts
     D:2: 706 daAuts
     D:3: 523 daAuts
